 Dungeon Crawl Stone Soup version 0.25-a0-561-g0977b4d109 (webtiles) character file.

Game seed: 8440515449582382209, levelgen mode: deterministic

29 Esekla the Magician (level 3, 0/19 HPs)
             Began as a Deep Elf Wizard on Feb 25, 2020.
             Succumbed to an adder's poison
             ... on level 2 of the Dungeon on Feb 26, 2020.
             The game lasted 00:06:38 (722 turns).

Esekla the Magician (Deep Elf Wizard)                Turns: 722, Time: 00:06:39

Health: 0/19       AC:  2    Str:  5    XL:     3   Next: 1%
Magic:  8/12       EV: 13    Int: 22    God:
Gold:   49         SH:  0    Dex: 13    Spells: 4/13 levels left

rFire    . . .     SeeInvis .   c - +2 short sword (protect)
rCold    . . .     Gourm    .   (no shield)
rNeg     . . .     Faith    .   a - +0 robe
rPois    .         Spirit   .   b - +0 hat
rElec    .         Reflect  .   (no cloak)
rCorr    .         Harm     .   (no gloves)
MR       .....                  (no boots)
Stlth    ++........             (no amulet)
HPRegen  0.06/turn              (no ring)
MPRegen  0.13/turn              (no ring)

@: lethally poisoned (0 -> -11)
A: no striking features
a: no special abilities


You were on level 2 of the Dungeon.
You were not hungry.

You visited 1 branch of the dungeon, and saw 2 of its levels.

You collected 49 gold pieces.

Inventory:

Hand Weapons
 c - a +2 short sword of protection (weapon)
Armour
 a - a +0 robe (worn)
 b - a +0 hat (worn)
Jewellery
 g - an uncursed ring of fire
Scrolls
 h - 2 scrolls of identify {unknown}
 i - a scroll of enchant armour {unknown}
 j - a scroll of magic mapping {unknown}
Potions
 f - a potion of mutation {unknown}
Comestibles
 d - 3 rations


   Skills:
 * Level 0.5 Short Blades
 + Level 2.7 Dodging
 + Level 2.4 Stealth
 * Level 5.5 Spellcasting
 + Level 1.1 Conjurations
   Level 1.1 Summonings
 * Level 1.1 Translocations


You had 4 spell levels left.
You knew the following spells:

 Your Spells              Type           Power        Failure   Level  Hunger
a - Magic Dart            Conj           ##..         6%          1    None
b - Blink                 Tloc           N/A          9%          2    None
c - Mephitic Cloud        Conj/Pois/Air  #.......     24%         3    ##.....
f - Conjure Flame         Conj/Fire      #.......     22%         3    ##.....

Your spell library contained the following spells:

 Spells                   Type           Power        Failure   Level  Hunger
 Call Imp                 Summ           ##......     10%         2    None
 Slow                     Hex            #.......     14%         2    None


Dungeon Overview and Level Annotations

Branches:
Dungeon (2/15)

Altars:
Ashenzari
Gozag
Hepliaklqana
Xom


Message History

Press: ? - help, Shift-Dir - straight line, f/p - adder
Aim: an adder (severely wounded)
The magic dart hits the adder.
The adder is almost dead.
* * * LOW HITPOINT WARNING * * *
You feel sick. The adder misses you. x2
Casting: Magic Dart (safe; 6% risk of failure)
Confirm with . or Enter, or press ? or * to list all spells.
Aiming: Magic Dart (safe; 6% risk of failure)
Press: ? - help, Shift-Dir - straight line, f/p - adder
Aim: an adder (almost dead)
You miscast Magic Dart.
You are very lightly contaminated with residual magic.
You smell something strange.
* * * LOW HITPOINT WARNING * * *
You feel sick. The adder bites you.
* * * LOW HITPOINT WARNING * * *
It was a potion of cancellation.
You feel magically purged.
Your magical contamination has completely faded away.
You die...

#.##...############...#
####...>.....# #...#
#.....##.#.#.# #######...#
#........#...###..........
#......##.#..##...........
#........#...##...........
#.....#....<....####.#....
####.##....#.#### #.#....
#.####@##.# #.#....
#...#8S8#.# #.#....
#####.g.### #.#.... #...#
..... #...# ###.## .....
_.._.._ 8.......8
#.........#


You could see an adder and a goblin.

Vanquished Creatures
  2 dart slugs
  A leopard gecko (D:2)
  A giant cockroach (D:1)
  2 goblins
  4 hobgoblins (D:1)
  2 jackals (D:1)
  4 bats
  2 frilled lizards (D:2)
  4 kobolds
  A rat (D:1)
23 creatures vanquished.

Notes
Turn   | Place    | Note
-------+----------+-------------------------------------------
     0 | D:1      | Esekla the Deep Elf Wizard began the quest for the Orb.
     0 | D:1      | Reached XP level 1. HP: 10/10 MP: 7/7
   204 | D:1      | Reached XP level 2. HP: 15/15 MP: 3/9
   208 | D:1      | Learned a level 2 spell: Blink
   279 | D:1      | Reached skill level 5 in Spellcasting
   397 | D:2      | Found an opulent altar of Gozag.
   691 | D:2      | Reached XP level 3. HP: 19/19 MP: 9/12
   696 | D:2      | Learned a level 3 spell: Mephitic Cloud
   700 | D:2      | Learned a level 3 spell: Conjure Flame
   710 | D:2      | Found a shattered altar of Ashenzari.
   712 | D:2      | Found a hazy altar of Hepliaklqana.
   712 | D:2      | Found a shimmering altar of Xom.
   722 | D:2      | Succumbed to an adder's poison

Levels and vault maps discovered:
D:1:      matt_arrival_grand_opening, layout_basic
D:2:      minmay_evil_eye, layout_loops_cross, lemuel_crystal_altar,
          doesnt_xom_only_xom, nicolae_overflow_hidden_temple,
          minmay_diced_spiral

Skill      XL: |  1  2 |
---------------+-------+-----
Spellcasting   | 5 |  5.5
Short Blades   | |  0.5
Dodging        | |  2.7
Stealth        | |  2.4
Conjurations   | |  1.1
Summonings     | |  1.1
Translocations | |  1.1

Action                   || total
-------------------------++-------
Melee: Short sword       ||    25
 Cast: Magic Dart        ||    38
  Use: Potion            ||     1
 Stab: Sleeping          ||     7
Armor: Robe              ||     6
Dodge: Dodged            ||    17

Table legend:
 A = Non-vault XP
 B = Vault XP
 C = Vault XP percentage of total XP
 D = Non-vault monster count
 E = Vault monster count
 F = Vault count percentage of total count
                 A         B        C        D         E       F
            +---------+---------+-------+---------+---------+-------
      Total |      37 |       5 |  11.9 |      20 |       3 |  13.0
            +---------+---------+-------+---------+---------+-------
        D:1 |      23 |       0 |   0.0 |      12 |       0 |   0.0
        D:2 |      14 |       5 |  26.3 |       8 |       3 |  27.3
            +---------+---------+-------+---------+---------+-------
